 Dungeon Sprint DCSS version 0.28.0-53-g5a82cb258f (webtiles) character file.

Game seed: 14700826584445364522

115 Zeld the Chopper (level 4, -5/47 HPs)
             Began as a Minotaur Berserker on June 8, 2022.
             Was a Priest of Trog.
             Slain by an ice devil (19 damage)
             ... summoned by a kobold demonologist
             ... in the Dungeon (Sprint III: "The Ten Rune Challenge").
             The game lasted 00:00:28 (542 turns).

Zeld the Chopper (Minotaur Berserker)                Turns: 542, Time: 00:00:29

Health: -5/47      AC:  2    Str: 24    XL:     4   Next: 68%
Magic:  3/3        EV: 13    Int:  4    God:    Trog [***...]
Gold:   14         SH:  0    Dex:  9    Spells: 3/3 levels left

rFire   . . .      SeeInvis .   a - +0 hand axe
rCold   . . .      Faith    .   (no shield)
rNeg    . . .      Spirit   .   b - +0 animal skin
rPois   .          Reflect  .   (helmet restricted)
rElec   .          Harm     .   (no cloak)
rCorr   .          Rampage  .   (no gloves)
Will    .....      NoTele   +   (no boots)
Stlth   +.........              (no amulet)
HPRegen 0.15/turn               (no ring)
MPRegen 0.08/turn               (no ring)

@: no status effects
A: horns 2, retaliatory headbutt
a: Renounce Religion, Berserk, Trog's Hand


You were in the Dungeon.
You worshipped Trog.
Trog was most pleased with you.
You visited 1 branch You collected 14 gold pieces.

Inventory:

Hand Weapons
 a - a +0 hand axe (weapon)
Armour
 b - a +0 animal skin (worn)
Scrolls
 h - a scroll of blinking
 i - a scroll of fog {unknown}
 j - 4 scrolls of identify
 k - a scroll of holy word {unknown}
 n - a scroll of immolation {unknown}
Potions
 c - 2 potions of curing
 d - 2 potions of heal wounds
 e - a potion of haste
 f - 2 potions of magic
 g - a potion of berserk rage
 l - a potion of flight {unknown}
 m - 5 potions of mutation


   Skills:
 * Level 7.4 Fighting
 * Level 7.4 Axes
 + Level 5.1 Armour
 + Level 4.6 Dodging


You had 3 spell levels left.
You didn't know any spells.
Your spell library was empty.

Dungeon Overview and Level Annotations

Branches:
Dungeon (1/1)

Altars:
Kikubaaqudgha
Sif Muna
Vehumet


Innate Abilities, Weirdness & Mutations

You have a pair of horns on your head.
You reflexively headbutt those who attack you in melee.


Message History

You start waiting.
You open the door.
A wizard comes into view. It is wielding a +0 dagger.
The wizard shouts!
You hear a shout!
A kobold demonologist comes into view. It is wielding a +0 dagger.
Found a book of Decay.
Found three altars.
Unknown command.
You hit the wizard.
The wizard is heavily wounded.
The wizard hits you with a +0 dagger.
You completely miss the wizard.
The wizard is heavily wounded.
The wizard gestures wildly while chanting.
The wizard flickers and vanishes!
Deactivating autopickup; reactivate with Ctrl-A.
You miss something. Something hits you.
Unknown command.
You miss something. Something hits you but does no damage.
Unknown command.
You hit something. Your headbutt misses something. Something hits you.
You barely miss something. Something hits you.
Unknown command.
You hit something.
The kobold demonologist casts a spell.
You hear some strange, mumbled words.
Found a book of Cantrips.
The kobold demonologist misses you. The ice devil barely misses you.
There is an open door here.
You closely miss the kobold demonologist.
You hit the ice devil but do no damage.
The kobold demonologist hits you with a +0 dagger.
The ice devil barely misses you.
Unknown command.
You hit the kobold demonologist but do no damage.
You hit the ice devil.
The kobold demonologist hits you with a +0 dagger.
The ice devil hits you!
* * * LOW HITPOINT WARNING * * *
The ice devil freezes you!!
You die...

.#......#####..#
##...†...#..#..#
.##.##...#..#..###+#+###
.##.###..##'#..#........
####.##..###...'.⌠......
##..##..####...#...#####
.†..##..###....#.⌠.#
#..##.).##÷....#.4.#
..##....#......#@###
.###..##.#.....#K::# .#
#..#####....#___# ▓▓
▓▓▓▓ ▓▓▓▓▓▓▓▓▓▓


You could see an ice devil (summoned) and a kobold demonologist.

Vanquished Creatures
  A water elemental (D)
  Jessica (D)
  A human (D)
  A wolf (D)
  An endoplasm (D)
  2 rats (D)
7 creatures vanquished.

Notes
Turn   | Place    | Note
-------+----------+-------------------------------------------
     0 | D        | Zeld the Minotaur Berserker began the quest for the Orb.
     0 | D        | Reached XP level 1. HP: 19/19 MP: 0/0
    48 | D        | Reached ** piety under Trog
    58 | D        | Noticed Jessica
    64 | D        | Killed Jessica
    65 | D        | Reached skill level 5 in Fighting
    65 | D        | Reached skill level 5 in Axes
    65 | D        | Reached XP level 2. HP: 15/29 MP: 1/1
    65 | D        | Reached XP level 3. HP: 19/36 MP: 2/2
   452 | D        | Noticed a water elemental
   456 | D        | Killed a water elemental
   456 | D        | Reached *** piety under Trog
   457 | D        | Reached skill level 5 in Armour
   457 | D        | Reached XP level 4. HP: 47/47 MP: 3/3
   532 | D        | Found a radiant altar of Vehumet.
   532 | D        | Found a shimmering blue altar of Sif Muna.
   532 | D        | Found an ancient bone altar of Kikubaaqudgha.
   532 | D        | Noticed a wizard
   540 | D        | Noticed an ice devil
   542 | D        | Slain by an ice devil

Illustrated notes

Levels and vault maps discovered:
D:        dungeon_sprint_mu [sprint_mu_entry_cave, sprint_mu_temple_rooms,
          sprint_mu_d1_spiders, sprint_mu_d2_genie, sprint_mu_d3_branching,
          sprint_mu_orc_legion, sprint_mu_elf_gauntlet, sprint_mu_hive_nellie,
          sprint_mu_lair_fedhas, sprint_mu_vaults_butterflies,
          sprint_mu_slime_circle, sprint_mu_swamp_cave, sprint_mu_shoals_kraken,
          sprint_mu_blade_basic, sprint_mu_crypt_chambers,
          sprint_mu_tomb_spiral, sprint_mu_vestibule_basic,
          sprint_mu_gehenna_hellfire, sprint_mu_dis_giant,
          sprint_mu_tartarus_statrot, sprint_mu_cocytus_islands, sprint_mu_zot1]

Skill      XL: |  1  2  3 |
---------------+----------+-----
Fighting       | 5 7 |  7.4
Axes           | 5 7 |  7.4
Armour         | 3 5 |  5.1
Dodging        | 3 4 |  4.6

Action                   |  1- 3 |  4- 6 || total
-------------------------+-------+-------++-------
Melee: Hand axe          |    19 |     9 ||    28
       Headbutt          |     3 |       ||     3
Invok: Berserk           |     2 |       ||     2
Armor: Animal skin       |       |     1 ||     1
Dodge: Dodged            |     7 |     3 ||    10
